 Dungeon Crawl Stone Soup version 0.21-a0-361-g4efd3f9 (webtiles) character file.

674 Dfrag the Firebug (level 7, 0/46 HPs)
             Began as a Demonspawn Fire Elementalist on Oct 13, 2017.
             Slain by an orc
             ... wielding a +0 flail
              (3 damage)
             ... on level 4 of the Dungeon.
             The game lasted 00:04:47 (2434 turns).

Dfrag the Firebug (Demonspawn Fire Elementalist)    Turns: 2434, Time: 00:04:47

Health: 0/46       AC: 12    Str:  8    XL:     7   Next: 33%
Magic:  0/13       EV: 12    Int: 19    God:
Gold:   163        SH:  0    Dex: 13    Spells: 7/15 levels left

rFire    . . .     SeeInvis +   u - +2 dagger (venom)
rCold    . . .     Gourm    .   (no shield)
rNeg     . . .     Faith    .   a - +0 robe
rPois    .         Spirit   +   (helmet restricted)
rElec    .         Reflect  .   (no cloak)
rCorr    .         Harm     .   (no gloves)
MR       .....     Rnd*Rage +   x - +2 pair of boots
Stlth    ++........             (no amulet)
HPRegen  0.15/turn              d - +4 ring of protection
MPRegen  0.13/turn              f - ring of see invisible

@: no status effects
A: antennae 1, slimy green scales 2, berserk 1, blink, magic shield
a: Blink


You were on level 4 of the Dungeon.
You were not hungry.

You visited 1 branch of the dungeon, and saw 4 of its levels.

You collected 163 gold pieces.

Inventory:

Hand Weapons
 u - a +2 dagger of venom (weapon)
Missiles
 i - 5 curare-tipped needles
 k - 77 arrows
Armour
 a - a +0 robe (worn)
 m - a +2 helmet
 x - a +2 pair of boots (worn)
Jewellery
 d - a +4 ring of protection (left hand)
 f - a ring of see invisible (right hand)
 y - a cursed ring of teleportation {unknown}
Wands
 w - a wand of iceblast (6/15)
Scrolls
 e - a scroll of enchant weapon {unknown}
 g - a scroll of remove curse {unknown}
 l - 4 scrolls of immolation {unknown}
 n - 3 scrolls of identify {unknown}
 o - 3 scrolls of teleportation {unknown}
 q - 3 scrolls of fear {unknown}
 B - a scroll of fog {unknown}
Potions
 p - a potion of cancellation
 s - a potion of heal wounds {unknown}
 t - a potion of curing {unknown}
 v - a potion of haste {unknown}
 C - a potion of invisibility {unknown}
Books
 b - a book of Flames

   Spells                             Type                      Level
   a - Flame Tongue                   Conjuration/Fire             1
   b - Throw Flame                    Conjuration/Fire             2
   c - Conjure Flame                  Conjuration/Fire             3
   d - Inner Flame                    Hexes/Fire                   3
   e - Sticky Flame                   Conjuration/Fire             4
   f - Fireball                       Conjuration/Fire             5
Comestibles
 c - 4 bread rations
 h - 2 fruits
 r - a royal jelly
 z - 6 chunks of flesh
 A - a meat ration


   Skills:
 - Level 1.7 Dodging
 - Level 1.7 Stealth
 + Level 4.6 Spellcasting
 + Level 4.6 Conjurations
 + Level 5.0 Fire Magic


You had 7 spell levels left.
You knew the following spells:

 Your Spells              Type           Power        Failure   Level  Hunger
a - Flame Tongue          Conj/Fire      ###..        1%          1    None
b - Conjure Flame         Conj/Fire      ###.....     5%          3    ###....
c - Sticky Flame          Conj/Fire      ###.....     17%         4    ####...


Dungeon Overview and Level Annotations

Branches:
Dungeon (4/15)
 Temple: D:4-7

Altars:
Cheibriados
Gozag
Hepliaklqana
Kikubaaqudgha
Nemelex Xobeh
Okawaru
Ru
Xom
Yredelemnul
Zin


Innate Abilities, Weirdness & Mutations

You have a pair of small antennae on your head.
You are mostly covered in slimy green scales. (AC +3)
When hurt, damage is shared between your health and your magic reserves.
You tend to lose your temper in combat.
You can translocate small distances at will.


Message History

You don't have enough magic to cast that spell.
Unknown command.
You closely miss the orc. The orc completely misses you.
Unknown command.
You hit the orc but do no damage.
The orc is poisoned.
The orc priest looks satisfied for a moment.
The orc hits you but does no damage.
Unknown command.
You barely miss the orc.
The orc priest mumbles some strange prayers to Beogh against you.
Beogh smites you!
* * * LOW HITPOINT WARNING * * *
The orc hits you with a flail.
* * * LOW HITPOINT WARNING * * *
It was a potion of cancellation.
You feel magically purged.
Your magical contamination has completely faded away.
It was a potion of mutation.
You feel extremely strange.
You feel a little pissed off.
You feel jittery. The orc hits you with a flail.
You die...

<##......#
......##.#
.(###.##.# ### ###
.........###.###.#
.....###.........#
###...........##.##
.....####......)o.#
.##..# #.##..##o##
.##..# #.##..##@#
.....# #.##..##.#
.###.# #.##..##.#
.# #.# ...#..##.#
.. ..#
......##.##########
.. ...
.#.##..........#
### ## ##########.#
#.### #...#


You could see an orc priest and an orc.

Vanquished Creatures
  A hippogriff (D:3)
  The ghost of iamsocky the Sneak, an amateur OpAs (D:3)
  A bullfrog skeleton (D:4)
  An orc priest (D:1)
  An iguana (D:4)
  4 orc wizards
  A worker ant (D:4)
  An adder (D:3)
  An ooze (D:1)
  4 worms
  3 dart slugs
  5 leopard geckos
  25 orcs
  4 bats
  3 giant cockroaches
  8 goblins
  6 hobgoblins
  A quokka (D:4)
  3 ball pythons
  4 frilled lizards
  8 kobolds
  A quokka skeleton (D:4)
  10 rats
97 creatures vanquished.

Notes
Turn   | Place    | Note
-------+----------+-------------------------------------------
     0 | D:1      | Dfrag the Demonspawn Fire Elementalist began the quest for the Orb.
     0 | D:1      | Reached XP level 1. HP: 13/13 MP: 3/3
   138 | D:1      | Gained mutation: You have a pair of small antennae on your head. [demonic ancestry]
   138 | D:1      | Reached XP level 2. HP: 6/19 MP: 0/5
   316 | D:1      | Reached skill level 3 in Fire Magic
   491 | D:1      | Reached XP level 3. HP: 16/24 MP: 4/6
   864 | D:2      | Found a sacrificial altar of Ru.
  1085 | D:1      | Reached XP level 4. HP: 18/30 MP: 4/8
  1321 | D:2      | Found an ancient bone altar of Kikubaaqudgha.
  1349 | D:3      | Noticed iamsocky's ghost (amateur OpAs)
  1366 | D:2      | You fall through a shaft for 2 floors!
  1383 | D:4      | Learned a level 3 spell: Conjure Flame
  1388 | D:4      | Learned a level 4 spell: Sticky Flame
  1553 | D:3      | Gained mutation: You are partially covered in slimy green scales. (AC +2) [demonic ancestry]
  1553 | D:3      | Reached XP level 5. HP: 35/35 MP: 3/9
  1640 | D:3      | Found a hazy altar of Hepliaklqana.
  1642 | D:3      | Found a basalt altar of Yredelemnul.
  1642 | D:3      | Found a shimmering altar of Xom.
  1642 | D:3      | Found a sparkling altar of Nemelex Xobeh.
  1643 | D:3      | Found an opulent altar of Gozag.
  1748 | D:3      | Killed iamsocky's ghost
  1748 | D:3      | Reached skill level 4 in Fire Magic
  1748 | D:3      | Gained mutation: When hurt, damage is shared between your health and your magic reserves. [demonic ancestry]
  1748 | D:3      | Reached XP level 6. HP: 41/41 MP: 3/11
  1869 | D:3      | Found a glowing silver altar of Zin.
  1940 | D:3      | Noticed a hippogriff
  1998 | D:3      | Killed a hippogriff
  2138 | D:4      | Gained mutation: You are mostly covered in slimy green scales. (AC +3) [demonic ancestry]
  2138 | D:4      | Reached XP level 7. HP: 46/46 MP: 7/13
  2226 | D:4      | Found an iron altar of Okawaru.
  2294 | D:4      | Found a snail-covered altar of Cheibriados.
  2420 | D:4      | Reached skill level 5 in Fire Magic
  2434 | D:4      | Gained mutation: You tend to lose your temper in combat. [potion of mutation]
  2434 | D:4      | Gained mutation: You can translocate small distances at will. [potion of mutation]
  2434 | D:4      | Slain by an orc

Vault maps used:
D:1:      shiori_arrival_maze, minmay_pentomino_r2
D:2:      cheibrodos_pilgrimage, lemuel_round_altar,
          nicolae_ru_sacrificial_ziggurat
D:3:      grunt_temple_overflow_open, nicolae_overflow_crystal_walls
D:4:      lemuel_crystal_altar, kennysheep_slug_shrine, first_bread,
          minmay_misc_feat_columns, tgw_kikubaaqudgha, uniq_menkaure

Skill      XL: |  1  2  3  4  5  6  7 |
---------------+----------------------+-----
Fire Magic     | 3 4 5 |  5.0
Conjurations   | 2 3 4 |  4.6
Spellcasting   | 3 4 |  4.6
Dodging        | |  1.7
Stealth        | |  1.7

Action                   |  1- 3 |  4- 6 |  7- 9 || total
-------------------------+-------+-------+-------++-------
Melee: Unarmed           |    46 |       |       ||    46
       Dagger            |       |    31 |    36 ||    67
 Cast: Flame Tongue      |    70 |    54 |    21 ||   145
       Sticky Flame      |       |     2 |     3 ||     5
  Use: Potion            |       |     1 |     2 ||     3
  Eat: Chunk             |     1 |     4 |     1 ||     6
Armor: Robe              |    30 |    25 |    14 ||    69
Dodge: Dodged            |    60 |    35 |    19 ||   114

Table legend:
 A = Spawn XP
 B = Non-spawn XP
 C = Spawn XP percentage of total XP
 D = Spawn monster count
 E = Non-spawn monster count
 F = Spawn count percentage of total count
 G = Total turns spent on level
                    A         B        C        D         E        F      G
               +---------+---------+-------+---------+---------+-------+---------
         Total |       0 |     964 |   0.0 |       0 |      97 |   0.0 |  2434
               +---------+---------+-------+---------+---------+-------+---------
           D:1 |       0 |     109 |   0.0 |       0 |      33 |   0.0 |   902
           D:2 |       0 |      70 |   0.0 |       0 |      15 |   0.0 |   539
           D:3 |       0 |     510 |   0.0 |       0 |      26 |   0.0 |   605
           D:4 |       0 |     275 |   0.0 |       0 |      23 |   0.0 |   388
               +---------+---------+-------+---------+---------+-------+---------
